 Dungeon Crawl Stone Soup version 0.30.0-11-gf55b779eaf (webtiles) character file.

Game seed: 16460700350159650980

228 GigaChad the Covered (level 5, -11/48 HPs)
             Began as an Armataur Fighter on May 17, 2023.
             Was an Initiate of Gozag.
             Mangled by a sleepcap (16 damage)
             ... on level 3 of the Dungeon.
             The game lasted 00:02:32 (2273 turns).

GigaChad the Covered (Armataur Fighter)             Turns: 2273, Time: 00:02:32

Health: -11/48     AC: 10    Str: 23    XL:     5   Next: 71%
Magic:  5/5        EV:  1    Int:  8    God:    Gozag
Gold:   86         SH:  0    Dex: 10    Spells: 4/4 levels left

rFire   . . .        a - +1 war axe
rCold   . . .        n - +0 kite shield
rNeg    . . .        m - +0 plate armour
rPois   .            (no helmet)
rElec   .            (no cloak)
rCorr   .            (no gloves)
SInv    .            (no barding)
Will    .....        (no amulet) Stlth
                     (no ring)
HPRegen 0.28/turn    (no ring)
MPRegen 0.09/turn

%: roll
@: sleeping, gold aura
A: large, rugged brown scales 3, deformed body, armoured tail, roll, long
tongue, awkward tongue
a: Renounce Religion, Potion Petition, Call Merchant, Bribe Branch


You were on level 3 of the Dungeon.
You worshipped Gozag.
Gozag was noncommittal.
You visited 1 branch of the dungeon, and saw 3 of its levels.

You collected 112 gold pieces.
You paid 26 gold pieces to Gozag.

Inventory:

Hand Weapons
 a - a +1 war axe (weapon)
Armour
 b - a +0 scale mail
 c - a +0 buckler
 m - a +0 plate armour (worn)
 n - a +0 kite shield (worn)
Jewellery
 t - a +4 ring of protection
Scrolls
 g - a scroll of teleportation
 j - 2 scrolls of noise
 q - a scroll of vulnerability
Potions
 d - 2 potions of might
 e - a potion of lignification {unknown}
 f - 5 potions of curing
 h - a potion of resistance {unknown}
 i - a potion of magic {unknown}
 k - 2 potions of heal wounds {unknown}
 l - a potion of berserk rage {unknown}
 p - a potion of haste {unknown}
 r - a potion of brilliance {unknown}
 s - a potion of flight {unknown}
 u - a potion of attraction {unknown}


   Skills:
 * Level 3.5 Fighting
 * Level 3.4 Axes
 * Level 4.7 Armour
 + Level 0.2 Dodging
 * Level 4.1 Shields


You had 4 spell levels left.
You didn't know any spells.
Your spell library contained the following spells:

 Spells                   Type           Power      Damage    Failure   Level
 Ensorcelled Hibernation  Hex/Ice        0%         N/A       100%        2
 Passwall                 Tmut/Erth      0%         N/A       100%        2
 Swiftness                Air            0%         N/A       100%        3


Dungeon Overview and Level Annotations

Branches:
Dungeon (3/15)

Altars:
Gozag
Kikubaaqudgha
Nemelex Xobeh
Ru
Uskayaw
Xom
The Shining One


Innate Abilities, Weirdness & Mutations

You are completely covered in rugged brown scales. (AC +3, +7% HP)
Armour fits poorly on your strangely shaped body.
You have a long armoured tail.
You roll when moving toward enemies. (Rampage)
Your long tongue fully drains potion bottles. (2x potion effects)
Your tongue gives you trouble enunciating. (1.5x scroll delay)


Message History

Unknown command.
You are too injured to fight recklessly!
You are too injured to fight recklessly!
Unknown command.
Unknown command.
You slash the sleepcap! You tail-slap the sleepcap!
The sleepcap is heavily damaged.
You hit the sleepcap but do no damage.
The sleepcap releases spores at you but does no damage. x2
Unknown command.
You slash the sleepcap!
The sleepcap is almost destroyed.
You hit the sleepcap. The sleepcap releases spores at you.
You are engulfed in a cloud of soporific spores!
You are unaffected.
The sleepcap releases spores at you.
You are engulfed in a cloud of soporific spores!
You are unaffected.
You block the sleepcap's attack. The sleepcap releases spores at you.
* * * LOW HITPOINT WARNING * * *
You hit the sleepcap but do no damage. You tail-slap the sleepcap.
You destroy the sleepcap!
You slash the sleepcap!
The sleepcap releases spores at you but does no damage.
Unknown command.
The sleepcap releases spores at you but does no damage.
You see here 6 gold pieces.
Unknown command.
You hit the sleepcap but do no damage.
The sleepcap is moderately damaged.
You block the sleepcap's attack.
Unknown command.
You hit the sleepcap.
The sleepcap is heavily damaged.
The sleepcap releases spores at you.
* * * LOW HITPOINT WARNING * * *
You are engulfed in a cloud of soporific spores!
You fall asleep.
The sleepcap releases spores at you!
You die...
Your body crumbles into a pile of gold.

### #.###################
#...................#
#.################.## #.# #.# #.#
####### #####.# #.#
#.....###..##'##
###.####.#####..f.'...#####.#
..........##....@.'...'.....>
#...####.#####....'...#......
##'## #.# ###..#...#......
##.#####.# #####.#.#.....#####
.......### #.#+#.#.#.....#.~.#
######..### #.......#...(.#.~.#
#_._###.._# #.........##..#.~.#
#...##..#######.......#.##..#.~.#
.......###............#.....#.~)#


You could see a sleepcap.

Vanquished Creatures
  The ghost of ojifijod the Chopper, an amateur HOGl (D:3)
  A howler monkey (D:3)
  A sleepcap (D:3)
  An adder (D:2)
  5 dart slugs
  An orc (D:3)
  12 endoplasms
  2 giant cockroaches (D:1)
  8 goblins
  5 hobgoblins
  A jackal (D:1)
  6 kobolds
  A quokka (D:1)
  3 ball pythons
  4 bats
  2 frilled lizards
  4 rats
58 creatures vanquished.

Notes
Turn   | Place    | Note
-------+----------+-------------------------------------------
     0 | D:1      | GigaChad the Armataur Fighter began the quest for the Orb.
     0 | D:1      | Reached XP level 1. HP: 19/19 MP: 1/1
    90 | D:1      | Reached XP level 2. HP: 26/26 MP: 2/2
   296 | D:1      | Reached XP level 3. HP: 32/33 MP: 3/3
  1790 | D:3      | Found a runed translucent door.
  1793 | D:3      | Reached XP level 4. HP: 40/40 MP: 4/4
  1806 | D:3      | Noticed ojifijod's ghost (amateur HOGl)
  1817 | D:3      | Killed ojifijod's ghost
  1818 | D:3      | Reached XP level 5. HP: 26/48 MP: 5/5
  2028 | D:3      | Found a sacrificial altar of Ru.
  2112 | D:3      | Found a sparkling altar of Nemelex Xobeh.
  2113 | D:3      | Found a hide-covered altar of Uskayaw.
  2131 | D:3      | Found an opulent altar of Gozag.
  2138 | D:3      | Became a worshipper of Gozag Ym Sagoz the Greedy
  2192 | D:3      | Found a shimmering altar of Xom.
  2192 | D:3      | Found a glowing golden altar of the Shining One.
  2200 | D:3      | Found a faded altar of an unknown god.
  2202 | D:3      | Found an ancient bone altar of Kikubaaqudgha.
  2204 | D:3      | Found a faded altar of an unknown god.
  2273 | D:3      | Mangled by a sleepcap

Illustrated notes

Levels and vault maps discovered:
D:1:      zelgadis_glass_arrival_small, layout_basic, hangedman_decor_points,
          chequers_serial_rivers_small_a, minmay_misc_feat_iff,
          minmay_misc_feat_x, chequers_serial_rivers_micro_e,
          minmay_small_reverse_x
D:2:      layout_basic
D:3:      layout_basic, chequers_temple_overflow_minitemple,
          grunt_gozag_statues, mainiacjoe_overflow_boulevard,
          nicolae_overflow_hidden_temple, ebering_ghost_reflecting_pool,
          hellmonk_no_cap

Skill      XL: |  1  2  3  4 |
---------------+-------------+-----
Axes           | 2 3 |  3.4
Fighting       | 3 |  3.5
Armour         | 4 |  4.7
Shields        | 4 |  4.1
Dodging        | |  0.2

Action                     |  1- 3 |  4- 6 || total
---------------------------+-------+-------++-------
  Melee: War axe           |   112 |    29 ||   141
         Tailslap          |     4 |     2 ||     6
    Use: Scroll            |     5 |     1 ||     6
 Armour: Scale mail        |    70 |       ||    70
         Plate armour      |     1 |    14 ||    15
  Dodge: Dodged            |    46 |     3 ||    49
  Block: Buckler           |    21 |     2 ||    23
         Kite shield       |       |     6 ||     6
